 Dungeon Crawl Stone Soup version 0.18-b1-18-g7758cf2 (webtiles) character file.

205 Chiseanne the Magician (level 5, -2/35 HPs)
             Began as a Demonspawn Wizard on May 2, 2016.
             Killed by nerve-wracking pain
             ... invoked by Menkaure
              (10 damage)
             ... on level 4 of the Dungeon.
             The game lasted 00:08:05 (4723 turns).

Chiseanne the Magician (Demonspawn Wizard)          Turns: 4723, Time: 00:08:06

Health: -2/35      AC:  7    Str:  8    XL:     5   Next: 53%
Magic:  0/11       EV: 12    Int: 20    God:
Gold:   164        SH:  2    Dex: 11    Spells: 5 memorised, 1 level left

rFire  . . .     SeeInvis .     g - +0 dagger
rCold  . . .     Gourm    .     r - +0 leather armour
rNeg   . . .     Faith    .     (no shield)
rPois  .         Spirit   +     b - +1 hat
rElec  .         Dismiss  .     (no cloak)
rCorr  .         Reflect  .     h - +0 pair of gloves
SustAt .         Harm     +     (no boots)
MR     .....                    e - amulet of harm
Stlth  +.........               (no ring)
                                u - +1 ring of evasion

@: repel missiles, not resistant to hostile enchantments, very unstealthy
A: large bone plates 1, magic shield, magic regeneration
a: no special abilities


You were on level 4 of the Dungeon.
You were not hungry.

You visited 1 branch of the dungeon, and saw 5 of its levels.

You collected 164 gold pieces.

Inventory:

Hand Weapons
 g - a +0 dagger (weapon)
Missiles
 f - 26 sling bullets
 k - 51 arrows
 n - 32 bolts
 q - 9 poisoned needles
 v - 39 stones (quivered)
Armour
 b - a +1 hat (worn)
 h - a +0 pair of gloves (worn)
 r - a +0 leather armour (worn)
Jewellery
 e - an amulet of harm (around neck)
 u - a +1 ring of evasion (left hand)
Potions
 i - a potion of brilliance {unknown}
 l - a potion of lignification {unknown}
 m - a potion of might {unknown}
 p - a potion of beneficial mutation {unknown}
Books
 c - a book of Minor Magic

   Spells                             Type                      Level
   a - Magic Dart                     Conjuration                  1
   b - Blink                          Translocation                2
   c - Call Imp                       Summoning                    2
   d - Repel Missiles                 Charms/Air                   2
   e - Slow                           Hexes                        2
   f - Conjure Flame                  Conjuration/Fire             3
   g - Mephitic Cloud                 Conjuration/Poison/Air       3
Comestibles
 a - a beef jerky
 d - 3 bread rations
 j - a meat ration
 s - 4 chunks of flesh


   Skills:
 * Level 1.0 Armour
 - Level 1.7 Dodging
 - Level 1.7 Stealth
 * Level 4.4 Spellcasting
 * Level 3.8 Conjurations
   Level 1.0 Summonings
 - Level 0.8 Translocations


You had one spell level left.
You knew the following spells:

 Your Spells              Type           Power        Failure   Level  Hunger
a - Magic Dart            Conj           ###.         4%          1    None
b - Blink                 Tloc           N/A          21%         2    #......
c - Repel Missiles        Chrm/Air       #.....       28%         2    #......
d - Mephitic Cloud        Conj/Pois/Air  #.......     34%         3    ###....
e - Conjure Flame         Conj/Fire      ##......     24%         3    ###....


Dungeon Overview and Level Annotations

Branches:
Dungeon (5/15)
 Temple: D:4-7

Altars:
Fedhas

Annotations:
D:3 Terence
D:4 Menkaure


Innate Abilities, Weirdness & Mutations

You are partially covered in large bone plates (AC +2, SH +2).
When hurt, damage is shared between your health and your magic reserves.
You regenerate magic rapidly.


Message History

Aiming: Magic Dart
Press: ? - help, Shift-Dir - straight line, f/p - Menkaure
Aim: Menkaure (almost destroyed, fast)
The magic dart hits Menkaure.
Menkaure is almost destroyed.
Menkaure calls on the powers of darkness!
Your body is wracked with pain!
* * * LOW HITPOINT WARNING * * *
Casting: Magic Dart
Confirm with . or Enter, or press ? or * to list all spells.
You don't have enough magic to cast that spell.
You hit Menkaure but do no damage.
Menkaure is almost destroyed.
Menkaure hits you.
* * * LOW HITPOINT WARNING * * *
Drink which item? (? for menu, Esc to quit)
You feel better.
Menkaure points at you and mumbles some strange words.
Pain shoots through your body!
You die...

####### #.#...
##########.#.#.###. #
.............[..... .. ..
#. ##########.......#. ..
#.# .# ##.####.# .### #..
.. #...# ..... .....
#############.####.(....
#..#.
.......รท........@M......
...>
#################.##....
#.#. ..# .# . #.#. ..# .#
#... ..# .# .#####.O ..#
.. ........ ..#### ..
..#####. #....# .. #.##.
####.# ##....


You could see Menkaure.

Vanquished Creatures
  An orc priest (D:4)
  Ijyb (D:3)
  A worker ant (D:4)
  6 adders
  2 worms
  A dart slug (D:2)
  2 giant geckos
  4 orcs
  7 giant cockroaches
  8 goblins
  5 hobgoblins
  2 jackals (D:4)
  A quokka (D:2)
  7 bats
  2 giant newts (D:1)
  6 kobolds
  9 rats
65 creatures vanquished.

Notes
Turn   | Place    | Note
--------------------------------------------------------------
     0 | D:1      | Chiseanne the Demonspawn Wizard began the quest for the Orb.
     0 | D:1      | Reached XP level 1. HP: 13/13 MP: 4/4
   472 | D:1      | Gained mutation: When hurt, damage is shared between your health and your magic reserves. [demonic ancestry]
   472 | D:1      | Reached XP level 2. HP: 19/19 MP: 3/6
  1507 | D:2      | Learned a level 2 spell: Blink
  1510 | D:2      | Learned a level 2 spell: Repel Missiles
  1640 | D:2      | Gained mutation: You are partially covered in large bone plates (AC +2, SH +2). [demonic ancestry]
  1640 | D:2      | Reached XP level 3. HP: 24/24 MP: 4/8
  2691 | D:3      | Noticed Ijyb
  2726 | D:3      | Killed Ijyb
  2726 | D:3      | Reached XP level 4. HP: 14/30 MP: 0/9
  2735 | D:3      | Reached skill level 4 in Spellcasting
  3071 | D:3      | Found a blossoming altar of Fedhas.
  3293 | D:3      | Noticed Terence
  3548 | D:4      | Noticed an ogre
  3768 | D:4      | Learned a level 3 spell: Mephitic Cloud
  3772 | D:4      | Learned a level 3 spell: Conjure Flame
  3812 | D:4      | Gained mutation: You regenerate magic rapidly. [demonic ancestry]
  3812 | D:4      | Reached XP level 5. HP: 35/35 MP: 5/11
  3993 | D:5      | Entered Level 5 of the Dungeon
  4510 | D:4      | Reached skill level 1 in Armour
  4663 | D:4      | Noticed Menkaure
  4723 | D:4      | Killed from afar by Menkaure

Skill      XL: |  1  2  3  4  5 |
---------------+----------------+-----
Conjurations   | 2 3 |  3.8
Spellcasting   | 4 |  4.4
Armour         | 1 |  1.0
Dodging        | |  1.7
Stealth        | |  1.7
Summonings     | |  1.0
Translocations | |  0.8

Action                   |  1- 3 |  4- 6 || total
-------------------------+-------+-------++-------
Melee: Unarmed           |    22 |       ||    22
       Dagger            |    49 |    26 ||    75
 Cast: Magic Dart        |   100 |    73 ||   173
       Repel Missiles    |     1 |       ||     1
       Blink             |       |     3 ||     3
       Mephitic Cloud    |       |     1 ||     1
  Use: Scroll            |     5 |     4 ||     9
       Potion            |     1 |     4 ||     5
 Stab: Invisible         |     1 |     3 ||     4
       Confused          |       |     1 ||     1
  Eat: Chunk             |     5 |     7 ||    12
Armor: Robe              |    27 |       ||    27
       Leather armour    |       |    14 ||    14
Dodge: Dodged            |    50 |    45 ||    95
       Deflected         |     1 |       ||     1
Block: Other             |     1 |     4 ||     5
